 Dungeon Crawl Stone Soup version 0.31-a0-833-gc15d34cb79 (webtiles) character file.

Game seed: 6793578995786144991

701 Turgor the Changeling (level 7, 0/36 HPs)
             Began as a Vine Stalker Shapeshifter on Sept 25, 2023.
             Was an Initiate of Wu Jian.
             Succumbed to a killer bee's poison
             ... on level 6 of the Dungeon.
             The game lasted 00:23:24 (4186 turns).

Turgor the Changeling (Vine Stalker Shapeshifter)   Turns: 4186, Time: 00:23:24

Health: 0/36       AC:  3    Str: 17    XL:     7   Next: 66%
Magic:  8/9        EV: 13    Int: 12    God:    Wu Jian [......]
Gold:   295        SH:  0    Dex: 13    Spells: 1/8 levels left

rFire   . .          .
                       - Unarmed
rCold   + . .        (no shield)
rNeg    . . .        a - +1 animal skin
rPois   .            (helmet currently unavailable)
rElec   .            (cloak currently unavailable)
rCorr   +            (gloves currently unavailable)
SInv    .            (boots currently unavailable)
Will    .....        (no amulet)
Stlth   +            q - ring of protection from cold
HPRegen 1.06/turn    w - ring of resist corrosion
MPRegen 0.11/turn

%: guardian spirit
@: confused, lethally poisoned (0 -> -5), beast-form, ambrosia-drunk
A: beast (slay +3), fangs 2, regeneration 1, magic shield, antimagic bite, no
potion heal 2
a: Begin Untransformation, Renounce Religion


You were on level 6 of the Dungeon.
You worshipped Wu Jian.
Wu Jian was noncommittal.
You were a hulking beast.
You visited 2 branches of the dungeon, and saw 7 of its levels.
You also visited: Sewer.

You collected 295 gold pieces.

Inventory:

Hand Weapons
 n - the +4 war axe of Guilt {elec, *Noise Str+5 Int+2}
   (You found it on level 2 of the Dungeon)

   Str+5:     It affects your strength (+5).
   Int+2:     It affects your intelligence (+2).
   *Noise:    It may make a loud noise when swung.
 z - the +5 trident of Obocran {speed, Str+2}
   (You found it on level 5 of the Dungeon)

   Str+2:     It affects your strength (+2).
Missiles
 g - 10 poisoned darts (quivered)
 C - 3 javelins
Armour
 a - a +1 animal skin (worn)
 m - a +0 cloak
Jewellery
 q - a ring of protection from cold (left hand)
 w - a ring of resist corrosion (right hand)
Talismans
 c - a beast talisman (active)
 d - a flux talisman
Wands
 y - a wand of flame (19)
 A - a wand of iceblast (6)
Scrolls
 e - a scroll of vulnerability {unknown}
 f - a scroll of enchant armour
 h - a scroll of fear {unknown}
 j - a scroll of blinking {unknown}
 l - 2 scrolls of silence {unknown}
 o - a scroll of immolation {unknown}
 r - 3 scrolls of teleportation {unknown}
 s - 3 scrolls of amnesia {unknown}
 u - 2 scrolls of fog
 v - 4 scrolls of noise
Potions
 b - a potion of lignification
 i - 2 potions of brilliance
 k - 2 potions of enlightenment
 p - a potion of berserk rage
 t - a potion of attraction
 x - a potion of ambrosia


   Skills:
 + Level 3.2 Fighting
 + Level 3.2 Dodging
 + Level 4.5 Unarmed Combat
 + Level 1.0 Spellcasting
 * Level 1.7 Poison Magic
 * Level 5.3 Shapeshifting


You had one spell level left.
You knew the following spells:

 Your Spells              Type           Power      Damage    Failure   Level
a - Olgreb's Toxic Radia  Pois           4%         N/A       83%         4
b - Ignite Poison         Fire/Tmut/Pois 2%         N/A       56%         3

Your spell library contained the following spells:

 Spells                   Type           Power      Damage    Failure   Level
 Cigotuvi's Dreadful Rot  Necr/Pois/Air  4%         N/A       34%         2
 Ensorcelled Hibernation  Hex/Ice        0%         N/A       41%         2
 Passwall                 Tmut/Erth      0%         N/A       41%         2
 Swiftness                Air            0%         N/A       65%         3
 Dispel Undead            Necr           0%         3d6       96%         4
 Sticky Flame             Conj/Fire      0%         2d3       96%         4
 Death Channel            Necr           0%         N/A       100%        6
 Discord                  Hex            0%         N/A       100%        8
 Ignition                 Fire           0%         3d3       100%        8


Dungeon Overview and Level Annotations

Branches:
Dungeon (6/15)             Temple (1/1) D:4           Sewer (visited)

Altars:
Ashenzari
Cheibriados
Dithmenos
Elyvilon
Gozag
Hepliaklqana
Kikubaaqudgha
Makhleb
Nemelex Xobeh
Qazlal
Ru
Sif Muna
Trog
Uskayaw
Vehumet
Wu Jian
Xom
Zin
The Shining One

Annotations:
D:4 exclusion: statue
D:5 1 exclusion


Innate Abilities, Weirdness & Mutations

You are a hulking beast.
Your limbs bulge with bestial killing power. (Slay +3)
You have extremely sharp teeth.
Your natural rate of healing is unusually fast.
When hurt, damage is shared between your health and your magic reserves.
Your bite disrupts and absorbs the magic of your enemies.
Potions cannot restore your health.


Message History

You are poisoned.
The killer bee poisons you!
The killer bee moves out of view.
A killer bee comes into view.
As you read the scroll labelled JUCELUOMPUB, it dissolves into smoke.
It was a scroll of fog.
You feel very sick.
The killer bee stings you. x2; The killer bee moves out of view.
It was a potion of ambrosia.
You are confused.
Your system rejects the healing.
You feel invigorated.
You feel sick. The killer bee closely misses you. x2
It was a potion of heal wounds.
That seemed strangely inert.
You feel sick.
The killer bee stings you but does no damage.
The killer bee stings you.
Okay, then.
Unknown command.
You are too confused!
Unknown command.
Unknown command.
You are too confused!
Unknown command.
Unknown command.
Unknown command.
You closely miss the killer bee. Your bite misses the killer bee.
You feel sick. The killer bee stings you!
* * * LOW HITPOINT WARNING * * *
You are more poisoned.
The killer bee poisons you! The killer bee misses you.
You bump into the rock wall.
You feel very sick. The killer bee barely misses you. x2
You bump into the rock wall.
You feel sick. The killer bee closely misses you.
The killer bee barely misses you.
You bump into the rock wall.
You feel sick. The killer bee barely misses you. The killer bee stings you!
* * * LOW HITPOINT WARNING * * *
You are lethally poisoned!
The killer bee poisons you!
You bump into the rock wall.
You die...

#.##..#
#.#.#
#.###.#
#.#.#
### #.#
#.#..
#.#
#.###
#.# #.#
#.# ##
#.# #.#
y. #§#
#.#
#s##§#
#.#
#yyh§#
#§####
#


You could see a scorpion and 2 killer bees.

Vanquished Creatures
  2 scorpions
  An orc priest (D:3)
  A hound (D:5)
  A sleepcap (D:5)
  An iguana (D:5)
  An orc wizard (D:3)
  Robin (D:3)
  11 gnolls
  12 adders
  9 river rats
  An ufetubus (D:5)
  3 worms
  8 dart slugs
  9 orcs
  4 bats
  9 endoplasms
  2 giant cockroaches
  14 goblins
  A hobgoblin (D:2)
  2 jackals (D:4)
  6 kobolds
  3 quokkas
  8 ball pythons
  5 frilled lizards
  16 rats
131 creatures vanquished.

Notes
Turn   | Place    | Note
-------+----------+-------------------------------------------
     0 | D:1      | Turgor the Vine Stalker Shapeshifter began the quest for
                  | the Orb.
     0 | D:1      | Reached XP level 1. HP: 9/9 MP: 2/2
    45 | D:1      | Reached skill level 1 in Fighting
   126 | D:1      | Reached XP level 2. HP: 14/14 MP: 3/3
   843 | D:2      | Identified the +4 war axe of Guilt {elec, *Noise Str+5
                  | Int+2}
   891 | D:2      | Reached XP level 3. HP: 16/17 MP: 4/4
  1506 | D:3      | Reached XP level 4. HP: 15/22 MP: 5/5
  1823 | D:3      | Found a glowing drain.
  1831 | D:3      | Reached skill level 4 in Shapeshifting
  1831 | D:3      | Reached XP level 5. HP: 26/26 MP: 4/6
  1851 | Sewer    | Entered a sewer
  2079 | Sewer    | Reached XP level 6. HP: 30/30 MP: 5/7
  2250 | D:3      | Noticed Robin
  2263 | D:3      | Killed Robin
  2854 | D:4      | Reached skill level 5 in Shapeshifting
  2876 | D:4      | Reached XP level 7. HP: 32/35 MP: 6/8
  2883 | D:4      | Learned a level 4 spell: Olgreb's Toxic Radiance
  3108 | D:4      | Found a staircase to the Ecumenical Temple.
  3117 | Temple   | Entered the Ecumenical Temple
  3123 | Temple   | Became a worshipper of the Wu Jian Council
  3263 | D:4      | Found a radiant altar of Vehumet.
  3438 | D:5      | Entered Level 5 of the Dungeon
  3624 | D:5      | Reached skill level 1 in Poison Magic
  3990 | D:5      | Identified the +5 trident of Obocran {speed, Str+2}
  4125 | D:6      | Found a broken altar of Ashenzari.
  4135 | D:6      | Reached skill level 1 in Spellcasting
  4161 | D:6      | Learned a level 3 spell: Ignite Poison
  4186 | D:6      | Succumbed to a killer bee's poison

Illustrated notes

Levels and vault maps discovered:
D:1:      psy_arrival_conway, layout_loops_ring
D:2:      layout_loops_ring
D:3:      layout_basic, portal_sewer_entry_b, wad_orctagon, uniq_robin
D:4:      layout_loops_ring, vehumet_statue, minmay_temple_entry_hall
D:5:      cheibrodos_quashed, layout_rooms, grunt_ministairs_3,
          kennysheep_nondescript
D:6:      layout_basic, gammafunk_temple_overflow_statue,
          evilmike_ruin_ashenzari, serial_co_window_serial, co_window_corner_a,
          co_window_cross_1, co_window_paths_a, co_window_paths_b,
          co_window_corner_a, co_window_broadway_b, co_window_2corner,
          co_window_broadway_a, glass_columns_a, glass_columns_c,
          glass_columns_c
Temple:   sentei_temple_godly_chess

Skill      XL: |  1  2  3  4  5  6  7 |
---------------+----------------------+-----
Fighting       | 1 2 3 |  3.2
Dodging        | 2 3 |  3.2
Shapeshifting  | 4 5 |  5.3
Unarmed Combat | 4 |  4.5
Poison Magic   | 1 |  1.7
Spellcasting   | 1 |  1.0

Action                     |  1- 3 |  4- 6 |  7- 9 || total
---------------------------+-------+-------+-------++-------
  Melee: Unarmed           |    87 |   183 |    63 ||   333
         Bite              |    15 |    39 |    21 ||    75
         Punch             |     2 |    10 |       ||    12
  Throw: Dart              |       |       |     8 ||     8
Ability: Lunge             |       |       |     4 ||     4
    Use: Scroll            |     1 |     2 |     5 ||     8
         Potion            |       |       |     2 ||     2
   Stab: Sleeping          |     1 |     3 |       ||     4
 Armour: Animal skin       |    40 |    81 |    44 ||   165
  Dodge: Dodged            |    32 |   109 |    46 ||   187

Table legend: (Time is in decaauts)
 A = Elapsed time spent in this place.
 B = Non-inter-level travel time spent in this place.
 C = Inter-level travel time spent in this place.
 D = Time resting spent in this place.
 E = Time spent auto-exploring this place.
 F = Levels seen in this place.
 G = Mean time per level.
                   A        B        C        D        E       F      G
               +--------+--------+--------+--------+--------+-----+--------+
         Total |   4197 |   3985 |    212 |     37 |   2717 |   8 |  524.6 |
       Dungeon |   3824 |   3617 |    207 |     37 |   2538 |   6 |  637.3 |
        Temple |     12 |      7 |      5 |      0 |      0 |   1 |   12.0 |
         Sewer |    361 |    361 |      0 |      0 |    179 |   1 |  361.0 |
               +--------+--------+--------+--------+--------+-----+--------+

Top non-repeatable levels by time:
     D:3: 891 daAuts
     D:2: 770 daAuts
     D:1: 768 daAuts
     D:4: 668 daAuts
     D:5: 611 daAuts
   Sewer: 361 daAuts
     D:6: 114 daAuts
  Temple: 12 daAuts
